 Dungeon Crawl Stone Soup version 0.23.2-33-g5129a83184 (webtiles) character file.

Game seed: 5016889188689964497

59 Sylven the Insei (level 4, 0/32 HPs)
             Began as a Merfolk Transmuter on July 28, 2019.
             Succumbed to an adder's poison
             ... on level 2 of the Dungeon.
             The game lasted 00:14:26 (1388 turns).

Sylven the Insei (Merfolk Transmuter)               Turns: 1388, Time: 00:14:27

Health: 0/32       AC:  4    Str: 11    XL:     4   Next: 3%
Magic:  7/7        EV: 13    Int: 12    God:
Gold:   30         SH:  0    Dex: 14    Spells: 6/7 levels left

rFire    . . .     SeeInvis .   m - -1 spear (curse)
rCold    . . .     Gourm    .   (no shield)
rNeg     . . .     Faith    .   h - +0 leather armour
rPois    .         Spirit   .   g - +1 hat
rElec    .         Reflect  .   (no cloak)
rCorr    .         Harm     .   (no gloves)
MR       .....                  (no boots)
Stlth    +.........             (no amulet)
HPRegen  0.10/turn              (no ring)
MPRegen  0.10/turn              (no ring)

@: lethally poisoned (0 -> -4)
A: change form in water, swift swim, stealthy swim
a: no special abilities


You were on level 2 of the Dungeon.
You were hungry.

You visited 1 branch of the dungeon, and saw 2 of its levels.

You collected 30 gold pieces.

Inventory:

Hand Weapons
 c - a +0 hand axe
 e - a +0 dagger
 k - a +0 whip
 m - a cursed -1 spear (weapon)
Missiles
 a - 12 arrows
 f - 22 stones (quivered)
 j - 35 poisoned needles
Armour
 b - a +0 robe
 g - a +1 hat (worn)
 h - a +0 leather armour (worn)
Comestibles
 d - a ration


   Skills:
 + Level 1.6 Fighting
 + Level 1.1(1.2) Axes
 + Level 0.1(0.7) Maces & Flails
 + Level 0.8(1.7) Polearms
 + Level 0.6 Armour
 + Level 3.0 Dodging
 + Level 0.1 Stealth
 + Level 3.8 Unarmed Combat
 + Level 2.2 Spellcasting
 + Level 2.7 Transmutations


You had 6 spell levels left.
You knew the following spells:

 Your Spells              Type           Power        Failure   Level  Hunger
a - Beastly Appendage     Tmut           #.....       12%         1    ##.....

Your spell library contained the following spells:

 Spells                   Type           Power        Failure   Level  Hunger
 Sticks to Snakes         Tmut           #.......     17%         2    ###....
 Spider Form              Tmut/Pois      #.........   52%         3    ####...
 Ice Form                 Ice/Tmut       #.......     89%         4    #####..
 Blade Hands              Tmut           #.........   97%         5    ######.


Dungeon Overview and Level Annotations

Branches:
Dungeon (2/15)

Altars:


Message History

The jackal is lightly wounded.
* * * LOW HITPOINT WARNING * * *
You feel sick. The jackal closely misses you.
The jackal bites you but does no damage.
You closely miss the jackal. The jackal closely misses you.
You closely miss the jackal.
* * * LOW HITPOINT WARNING * * *
You feel sick. The jackal closely misses you. The jackal bites you.
* * * LOW HITPOINT WARNING * * *
You miss the jackal. The jackal barely misses you.
You hit the jackal but do no damage.
* * * LOW HITPOINT WARNING * * *
You feel sick.
The jackal bites you but does no damage.
You closely miss the jackal. The jackal misses you.
The jackal bites you but does no damage.
You hit the jackal.
The jackal is heavily wounded.
The jackal barely misses you.
You die...

#)......#†.......#..#
#.<.....#....)......
#......##........#
#......##.....J.w#
#......##.....sKO#
#......##......Sh#
#...<..#########h#
######## #.# #@# #.#
#.. ##.. ... ....
..... .....#


You could see an ogre, a worm, an ooze, an adder, 2 jackals and a kobold.

Vanquished Creatures
  2 adders (D:2)
  An ooze (D:1)
  2 dart slugs
  2 bats (D:1)
  2 giant cockroaches (D:1)
  4 goblins (D:1)
  3 hobgoblins (D:1)
  3 jackals (D:1)
  2 frilled lizards
  5 kobolds (D:1)
  7 rats
33 creatures vanquished.

Notes
Turn   | Place    | Note
-------+----------+-------------------------------------------
     0 | D:1      | Sylven the Merfolk Transmuter began the quest for the Orb.
     0 | D:1      | Reached XP level 1. HP: 15/15 MP: 3/3
    40 | D:1      | Reached XP level 2. HP: 14/21 MP: 5/5
   783 | D:1      | Reached XP level 3. HP: 26/26 MP: 6/6
   797 | D:1      | Reached skill level 1 in Axes
  1330 | D:2      | Noticed an ogre
  1378 | D:2      | Reached XP level 4. HP: 7/32 MP: 7/7
  1383 | D:2      | HP: 1/32 [jackal (2)]
  1388 | D:2      | Succumbed to an adder's poison

Skill      XL: |  1  2  3 |
---------------+----------+-----
Axes           | 1 |  1.1
Dodging        | 3 |  3.0
Fighting       | |  1.6
Maces & Flails | |  0.1
Polearms       | |  0.8
Armour         | |  0.6
Stealth        | |  0.1
Unarmed Combat | |  3.8
Spellcasting   | |  2.2
Transmutations | |  2.7

Action                   |  1- 3 |  4- 6 || total
-------------------------+-------+-------++-------
Melee: Hand axe          |    54 |       ||    54
       Whip              |    19 |       ||    19
       Punch             |     3 |       ||     3
       Spear             |    83 |     9 ||    92
Throw: Stone             |     4 |       ||     4
  Use: Potion            |     4 |       ||     4
  Eat: Chunk             |     1 |       ||     1
Armor: Robe              |     1 |       ||     1
       Leather armour    |    39 |     4 ||    43
Dodge: Dodged            |   107 |     8 ||   115
